[Event "*** Titled Tuesday Blitz"]
[Site "Chess.com"]
[Date "2019.04.02"]
[Round "2"]
[White "Saitama_Hero"]
[Black "tteshan"]
[Result "1-0"]
[WhiteElo "2231"]
[BlackElo "2212"]
[TimeControl "180+2"]
[EndTime "14:23:30 PDT"]
[Termination "Saitama_Hero won by checkmate"]

1. c4 c5 2. Nf3 Nc6 3. Nc3 g6 4. e3 Bg7 5. d4 cxd4 6. exd4 e6 7. d5 Ne5 8. Nxe5 Bxe5 9. Bd3 Ne7 10. Bh6 d6 11. O-O Nf5 12. Bxf5 gxf5 13. Qh5 Rg8 14. Rae1 Qf6 15. Nb5 Kd7 16. c5 a6 17. Nxd6 Bxd6 18.
cxd6 b6 19. dxe6+ fxe6 20. Be3 Bb7 21. f3 Rac8 22. Bxb6 Rc2 23. Bf2 Qg7 24. g3 f4 25.
Qh3 Bd5 26. g4 Qxb2 27. Qxh7+ Rg7 28. Qd3 Bc4 29. Qd4 Bxf1 30. Qxb2 Rxb2 31. Bd4 Rg2+ 32. Kxf1 Rxh2 33. Bxg7 Rxa2 34. Be5 a5 35. Bxf4 Ra3 36. Re3 Ra1+ 37. Kf2 a4 38. Rc3 a3 39. Rc7+ Ke8 40.
Bg5 Rd1 41. Re7+ Kf8 42. Ra7 Ke8 43. Be7 Rd3 44. Ke2 Rb3 45. g5 Rb2+ 46. Ke3 a2 47. Kf4 Rb4+ 48. Ke5 Rb5+ 49. Kxe6 a1=Q 50. d7# 1-0

[Event "*** Titled Tuesday Blitz"]
[Site "Chess.com"]
[Date "2019.04.02"]
[Round "2"]
[White "NCchamp"]
[Black "ElenaPershina"]
[Result "1-0"]
[WhiteElo "2161"]
[BlackElo "2062"]
[TimeControl "180+2"]
[EndTime "14:23:33 PDT"]
[Termination "NCchamp won by checkmate"]

1. c4 e5 2. Nc3 Nc6 3. Nf3 f5 4. d3 Nf6 5. g3 Bb4 6. Bg2 Bxc3+ 7. bxc3 O-O 8. O-O d6 9. Ne1 Qe8 10. Nc2 Qh5 11. Ne3 f4 12. Nd5 Ng4 13. h3 fxg3 14.
fxg3 Nf6 15. Nxc7 Bxh3 16. Nxa8 Bxg2 17. Kxg2 Rxa8 18. Rh1 Qg6 19. e4 Rf8 20. Rf1 Nd8 21. Rb1 Ne6 22. Rxb7 Ng4 23. Rxf8+ Nxf8 24. Qf3 Qh5 25.
Be3 Qh2+ 26. Kf1 Qh3+ 27. Ke1 Nf6 28. Bg5 N8d7 29. Bxf6 Nxf6 30. Rb8+ Kf7 31. Rb7+ Kg8 32. Rb2 h6 33. Qg2 Qh5 34. Re2 Ng4 35. Qf3 Qg5 36. Kd1 h5 37. Kc2 Qd8 38. Re1 Qa5 39. Kb2 Qb6+ 40. Ka1 Qa5 41. d4 exd4 42. Rf1 dxc3 43.
Qf7+ Kh7 44. Qf5+ Qxf5 45. exf5 Kh6 46. Kb1 Kg5 47. Rf3 Ne5 48. Rxc3 Kxf5 49. Ra3 Nxc4 50. Rxa7 g5 51. a4 h4 52. gxh4 gxh4 53. Rc7 d5 54. Rd7 Nb6 55. Ra7 h3 56. a5 Nc4 57. a6 Kg6 58.
Re7 Nd2+ 59. Kc2 Ne4 60. a7 h2 61. a8=Q h1=Q 62. Qg8+ Kf6 63. Qf8+ Kg5 64. Rg7+ Kh4 65.
Qh8# 1-0

[Event "*** Titled Tuesday Blitz"]
[Site "Chess.com"]
[Date "2019.04.02"]
[Round "2"]
[White "Superfelix"]
[Black "Dixit_Nikhil"]
[Result "1-0"]
[WhiteElo "2438"]
[BlackElo "2487"]
[TimeControl "180+2"]
[EndTime "14:23:35 PDT"]
[Termination "Superfelix won by resignation"]

1. e4 g6 2. d4 Bg7 3. Nf3 d6 4. Bc4 Nf6 5. Qe2 O-O 6. O-O Bg4 7. c3 Nc6 8. h3 Bxf3 9. Qxf3 e5 10. dxe5 Nxe5 11. Qe2 Nxc4 12. Qxc4 Re8 13. Bg5 h6 14. Bxf6 Qxf6 15. Nd2 c6 16. Rae1 Qf4 17. Re3 d5 18. Qe2 dxe4 19. Nxe4 Re6 20. Re1 Rae8 21. Nc5 Rxe3 22.
fxe3 Qc7 23. Rd1 b6 24. Nd3 c5 25. Qf3 Rd8 26. Nf4 Rxd1+ 27. Qxd1 Qe5 28. Qd3 c4 29.
Qd4 Qe7 30. Nd5 Qg5 31. Qxc4 Qg3 32. Qc8+ Kh7 33. Qe8 Qe1+ 34. Kh2 Qf2 35. a4 h5 36. Qe7 h4 37. Qd6 f5 38. Qf4 Qe1 39. Ne7 Bf6 40.
Nd5 Bd8 41. Qd6 Bg5 42. Qe5 Qf2 43. c4 f4 44. Qxg5 f3 45. Nf4 Qxe3 46. Qxg6+ Kh8 47. Qh5+ Kg8 48. Qxf3 Qd4 49. Qg4+ Kf7 50. Qf5+ Ke7 51. Ng6+ Kd8 52. Qd5+ Qxd5 53. cxd5 1-0

[Event "*** Titled Tuesday Blitz"]
[Site "Chess.com"]
[Date "2019.04.02"]
[Round "2"]
[White "Dedic8"]
[Black "2165149677570"]
[Result "1-0"]
[WhiteElo "2706"]
[BlackElo "2357"]
[TimeControl "180+2"]
[EndTime "14:23:36 PDT"]
[Termination "Dedic8 won by resignation"]

1. e4 c5 2. Nf3 d6 3. d4 cxd4 4. Nxd4 Nf6 5. Nc3 a6 6. f3 e5 7. Nb3 Be6 8. Be3 Be7 9. Qd2 O-O 10. O-O-O Nbd7 11. g4 b5 12. Rg1 b4 13. Nd5 Bxd5 14.
exd5 Nb6 15. Na5 Nfxd5 16. Nc6 Qc7 17. Nxe7+ Qxe7 18. Bxb6 Nxb6 19. Qxd6 Qg5+ 20. Qd2 Qxd2+ 21. Rxd2 a5 22. Bb5 Rfc8 23. Rgd1 g6 24. Rd6 Nc4 25. Bxc4 Rxc4 26. Rd8+ Rxd8 27. Rxd8+ Kg7 28. Rd5 e4 29. b3 Rc3 30. fxe4 Rh3 31. Rxa5 Rxh2 32. Rb5 Rg2 33. g5 Rg4 34. c3 bxc3 35. a4 Rxe4 36.
a5 Re7 37. a6 Ra7 38. Ra5 f5 39. b4 f4 40. b5 f3 41. Kc2 f2 42. Ra1 Kf7 43. Rf1 Ke6 44. Kxc3 Kd5 45. Kb4 Rf7 46. Rd1+ Ke4 47. b6 Kf3 48. a7 Ke2 49. Ra1 Rf4+ 50.
Kb5 Rf8 51. b7 Rf5+ 52. Kc6 1-0

[Event "*** Titled Tuesday Blitz"]
[Site "Chess.com"]
[Date "2019.04.02"]
[Round "2"]
[White "IIIlllII1llIl"]
[Black "DrVitman"]
[Result "1/2-1/2"]
[WhiteElo "2798"]
[BlackElo "2637"]
[TimeControl "180+2"]
[EndTime "14:23:42 PDT"]
[Termination "Game drawn by repetition"]

1. e4 c5 2. c3 d5 3. exd5 Qxd5 4. d4 Nf6 5. Nf3 Bd7 6. Be2 e6 7. O-O cxd4 8. cxd4 Bb4 9. Nc3 Bxc3 10. bxc3 O-O 11. Ne5 Qa5 12. Qb3 Qc7 13. Bf4 Qc8 14. Bf3 Nc6 15.
Nc4 b6 16. Bg3 Qa6 17. Rfd1 Rac8 18. Nd6 Rcd8 19. Qb2 Qa4 20. Bh4 Ne7 21. Qd2 Bc6 22. Bxf6 gxf6 23. Ne4 Bxe4 24. Bxe4 f5 25. Bd3 Qc6 26.
h4 Kh8 27. Qh6 Ng8 28. Qf4 Qd6 29. Qe3 Nf6 30. Be2 Rg8 31. c4 Ng4 32. Bxg4 Rxg4 33. g3 Rxd4 34. Rxd4 Qxd4 35. Qe1 Kg7 36. Rc1 Kf6 37.
Kg2 Qe4+ 38. Qxe4 fxe4 39. c5 Rc8 40. c6 Ke7 41. g4 Kd6 42. Rd1+ Kxc6 43. Kg3 e5 44. g5 a5 45. Kg4 Kb5 46. Rd7 Rf8 47. Rb7 Kc6 48. Re7 Kd6 49. Rb7 Kc6 50. Re7 Kd6 51.
Rb7 Kc6 52. Re7 1/2-1/2

[Event "*** Titled Tuesday Blitz"]
[Site "Chess.com"]
[Date "2019.04.02"]
[Round "2"]
[White "1995Tiger"]
[Black "indfraeng"]
[Result "1-0"]
[WhiteElo "2032"]
[BlackElo "1967"]
[TimeControl "180+2"]
[EndTime "14:23:42 PDT"]
[Termination "1995Tiger won by checkmate"]

1. e4 e5 2. Nf3 Nc6 3. Bb5 a6 4. Ba4 Nf6 5. d3 b5 6. Bb3 Be7 7. O-O d6 8. c3 O-O 9. Re1 Nb8 10. Nbd2 Nbd7 11. Nf1 Nc5 12. Bc2 Re8 13. d4 Ncd7 14. Ng3 Bf8 15. a4 Bb7 16. Bd3 c6 17. b3 g6 18. Qc2 Bg7 19. h3 Nf8 20. Bb2 Ne6 21.
Rad1 Nf4 22. Bf1 Qc7 23. dxe5 dxe5 24. c4 bxa4 25. bxa4 Nd7 26. c5 Ne6 27. Ba3 Bf8 28. Bc4 Ndxc5 29. Bxc5 Nxc5 30. Ng5 Ne6 31. Nxe6 fxe6 32.
Qe2 c5 33. Qg4 Qc6 34. h4 Kg7 35. h5 Rad8 36. hxg6 hxg6 37. Nh5+ Kf7 38. Qf3+ Kg8 39. Nf6+ Kg7 40. Nxe8+ Rxe8 41. Qg3 Bd6 42. Rd3 Bc7 43. Red1 Re7 44. f3 Qxa4 45. Bb3 Qc6 46. Bc4 Qa4 47.
Bxe6 c4 48. Rd7 Bb6+ 49. Kh2 Rxd7 50. Rxd7+ Kf6 51. Rf7+ Kxe6 52. Qxg6# 1-0

[Event "*** Titled Tuesday Blitz"]
[Site "Chess.com"]
[Date "2019.04.02"]
[Round "2"]
[White "aa175"]
[Black "chesstatour"]
[Result "0-1"]
[WhiteElo "1931"]
[BlackElo "2011"]
[TimeControl "180+2"]
[EndTime "14:23:42 PDT"]
[Termination "chesstatour won by checkmate"]

1. d4 Nf6 2. Bf4 d5 3. e3 Bf5 4. Bd3 Bxd3 5. cxd3 e6 6. Nf3 Nbd7 7. O-O c5 8. Nc3 cxd4 9. exd4 a6 10. Qe2 Be7 11. Ne5 O-O 12. Rfc1 Rc8 13. Nd1 Qb6 14. Be3 Rfd8 15. Bg5 Qxd4 16. Rxc8 Nxe5 17. Rxd8+ Bxd8 18. Rc1 Nc6 19. Be3 Qg4 20. Qxg4 Nxg4 21. h3 Nge5 22.
d4 Nd7 23. Kf1 Bb6 24. Ke2 Kf8 25. a3 Ke7 26. Kd3 f6 27. f4 Bc7 28. Nc3 Bd6 29. f5 g6 30. fxe6 Kxe6 31. Re1 Kf7 32. Nxd5 Ne7 33. Nxe7 Bxe7 34. Bf4 Bf8 35. Rc1 Ke6 36.
Rc7 g5 37. d5+ Ke7 38. Bd2 Kd8 39. Rxb7 Nc5+ 40. Kc4 Nxb7 41. Bc3 Be7 42. g4 Nd6+ 43. Kd4 Nb5+ 44. Ke4 Nxc3+ 45. bxc3 Bxa3 46. Kf5 Be7 47. Ke6 a5 48. c4 a4 49. d6 Bxd6 50. Kxd6 a3 51. Ke6 a2 52. Kxf6 a1=Q+ 53. Kxg5 Qg7+ 54. Kh5 Qg6+ 55. Kh4 Qh6+ 56. Kg3 Kd7 57. c5 Kc6 58. h4 Kxc5 59. g5 Qh5 60. Kh3 Kd5 61. Kg3 Ke5 62.
Kh3 Kf4 63. Kg2 Qxh4 64. Kf1 Kf3 65. Kg1 Qf2+ 66. Kh1 Kg3 67. g6 Qh2# 0-1

[Event "*** Titled Tuesday Blitz"]
[Site "Chess.com"]
[Date "2019.04.02"]
[Round "2"]
[White "Kirill_Klukin"]
[Black "Annawel"]
[Result "0-1"]
[WhiteElo "2600"]
[BlackElo "2895"]
[TimeControl "180+2"]
[EndTime "14:23:44 PDT"]
[Termination "Annawel won by resignation"]

1. Nf3 Nf6 2. d4 g6 3. c4 Bg7 4. Nc3 d5 5. cxd5 Nxd5 6. Bd2 c5 7. e4 Nxc3 8. Bxc3 cxd4 9. Bxd4 O-O 10. Bxg7 Kxg7 11. Qxd8 Rxd8 12. Bc4 Nc6 13. O-O Bg4 14. Bd5 Bxf3 15. Bxc6 bxc6 16. gxf3 Rd2 17. b3 Rad8 18. Rfc1 Rb2 19. Rcb1 Rc2 20. Rc1 Rdd2 21. Rxc2 Rxc2 22.
Kg2 Kf6 23. a3 Ke6 24. Kg3 f5 25. exf5+ gxf5 26. Re1+ Kf6 27. f4 c5 28. Re3 a5 29.
a4 c4 30. bxc4 Rxc4 31. Ra3 Ke6 32. Re3+ Kf6 33. Ra3 e6 34. Kf3 Ke7 35. Kg3 Rd4 36.
Kf3 Kd6 37. h4 h5 38. Rb3 Rxa4 39. Rb6+ Kd5 40. Rb5+ Kc6 41. Rb8 Ra3+ 42. Kg2 a4 43. Re8 Kd5 44. Ra8 Ra1 45. Ra5+ Ke4 46. Re5+ Kxf4 47. Rxe6 Kg4 48. Re5 f4 49. Re4 a3 50.
Ra4 Ra2 51. Ra8 f3+ 52. Kg1 Kh3 0-1

[Event "*** Titled Tuesday Blitz"]
[Site "Chess.com"]
[Date "2019.04.02"]
[Round "2"]
[White "scaryninja"]
[Black "SlavenPastar"]
[Result "1-0"]
[WhiteElo "2453"]
[BlackElo "2464"]
[TimeControl "180+2"]
[EndTime "14:23:44 PDT"]
[Termination "scaryninja won by resignation"]

1. e4 e5 2. Nf3 Nc6 3. Bc4 Bc5 4.
O-O Nf6 5. d3 O-O 6. h3 h6 7.
Re1 a6 8. Nbd2 d5 9. exd5 Nxd5 10.
Ne4 Ba7 11. Ng3 Re8 12. a4 Be6 13. c3 f6 14. Ba2 Qd7 15. Qe2 Rad8 16. Ne4 Nf4 17. Bxf4 Bxa2 18. Bxh6 Bf7 19. Be3 Bxe3 20. Qxe3 Qxd3 21. Qxd3 Rxd3 22. Nc5 Rd5 23. b4 Rb8 24. Rad1 a5 25. Rxd5 Bxd5 26. b5 Ne7 27. Nd2 b6 28. Na6 Rd8 29. Nxc7 Bxg2 30. Nc4 Bxh3 31.
Nxb6 Kf7 32. c4 Bg4 33. Ncd5 Bf3 34. Re3 Bxd5 35. Rd3 Ke6 36. cxd5+ Nxd5 37. Nc4 e4 38. Rd4 f5 39. Nxa5 Rc8 40. Nc6 Kd6 41. Rxd5+ Kxd5 42.
Ne7+ Kc5 43. Nxc8 f4 44. b6 Kc6 45. Kf1 Kb7 46. Nd6+ Kxb6 47. Nxe4 Ka5 48. Nc3 g5 49. Ke2 g4 50. Kd3 Kb4 51. Ke4 g3 52. Kf3 Kxc3 53.
a5 Kd2 54. a6 Ke1 55. fxg3 fxg3 56. Kxg3 1-0

[Event "*** Titled Tuesday Blitz"]
[Site "Chess.com"]
[Date "2019.04.02"]
[Round "2"]
[White "JSPrepz"]
[Black "Haykos"]
[Result "0-1"]
[WhiteElo "2736"]
[BlackElo "2579"]
[TimeControl "180+2"]
[EndTime "14:23:45 PDT"]
[Termination "Haykos won by resignation"]

1. e4 c5 2. Nf3 e6 3. c3 d5 4. e5 Nc6 5. d4 Qb6 6. a3 Bd7 7. b4 cxd4 8. cxd4 Rc8 9. Bb2 Na5 10.
Nc3 Nc4 11. Bxc4 dxc4 12. O-O Ne7 13. Na4 Bxa4 14. Qxa4+ Qc6 15. b5 Qd5 16. Rac1 f6 17. exf6 gxf6 18. Rfe1 Kf7 19. Rc3 Rg8 20. Rce3 Nf5 21.
Re4 Nd6 22. Rf4 Bh6 23. Re5 Bxf4 24. Rxd5 exd5 25. g3 c3 26. Ba1 c2 27. Bb2 Rc4 28.
Qxa7 c1=Q+ 29. Bxc1 Bxc1 30. Qb6 Bxa3 31. Kg2 Rgc8 32.
Qa5 Bb4 33. Qa4 b6 34. Qa7+ R8c7 35. Qxb6 Ne4 36. Nh4 Rc2 37. Nf5 Rxf2+ 38. Kh3 Rcc2 39. Qb7+ Kg6 40. Nh4+ Kh5 41. Qf7+ Kh6 42. Kg4 Ng5 43. Nf5+ Rxf5 44. Qh5+ Kg7 45. Kxf5 Rf2+ 46. Kg4 Bd2 47. Qh4 Kg6 48. Qh5+ Kg7 49. Qh4 Nf3 50. b6 Nxh4 51. b7 Bf4 52. gxf4 Rb2 53. Kxh4 Rxb7 54. Kg4 Re7 55.
Kf5 Re4 56. h4 Rxd4 57. h5 h6 58. Kg4 Re4 59. Kf5 Kf7 60. Kg4 Ke6 61. Kf3 f5 0-1

[Event "*** Titled Tuesday Blitz"]
[Site "Chess.com"]
[Date "2019.04.02"]
[Round "2"]
[White "hellokostya"]
[Black "Touching3200"]
[Result "0-1"]
[WhiteElo "2503"]
[BlackElo "2339"]
[TimeControl "180+2"]
[EndTime "14:23:45 PDT"]
[Termination "Touching3200 won by checkmate"]

1. d4 f5 2. g3 Nf6 3. Bg2 g6 4.
c4 Bg7 5. Nf3 d6 6. O-O O-O 7.
Nc3 Qe8 8. d5 a5 9. Be3 Na6 10.
Rc1 Ng4 11. Bd4 Bh6 12. e3 c5 13. dxc6 bxc6 14. Na4 Rb8 15. Bc3 Nb4 16. h3 Nf6 17. Ra1 Ne4 18. Nd4 Bd7 19. Be1 c5 20. Nb5 Bxb5 21.
cxb5 Qxb5 22. Nc3 Nxc3 23. Bxc3 Bg7 24. Qd2 Bxc3 25. bxc3 Qd3 26. Qxd3 Nxd3 27. Rab1 Kf7 28. a4 e6 29. h4 Ke7 30. Rfd1 Nb2 31. Rdc1 Nd3 32.
Rd1 c4 33. Bf1 Nb2 34. Rd4 d5 35. Ra1 Rb3 36. h5 Rxc3 37. Rb1 Rb3 38. hxg6 hxg6 39. Rh4 c3 40. Rc1 Rc8 41. Bb5 c2 42. Rh7+ Kf6 43. Kf1 Nd3 44. Bxd3 Rxd3 45. Ke2 Rb3 46. Kd2 Rbc3 47.
Ra7 R8c5 48. Ra8 R3c4 49. Rf8+ Ke7 50. Rg8 Kf7 51. Rb8 Rxa4 52. Rb7+ Kf6 53. f4 Ra2 54. Kd3 a4 55. Ke2 a3 56. Kf3 Rb2 57. Ra7 Rb1 58.
g4 fxg4+ 59. Kxg4 Rxc1 60. e4 Rg1+ 61. Kh4 dxe4 62. Rxa3 Rh1+ 63. Kg3 c1=Q 64. f5 Qe1+ 65. Kg2 Rc2# 0-1

[Event "*** Titled Tuesday Blitz"]
[Site "Chess.com"]
[Date "2019.04.02"]
[Round "2"]
[White "WPWPWP-2015"]
[Black "alturas_pacificas"]
[Result "0-1"]
[WhiteElo "2376"]
[BlackElo "2277"]
[TimeControl "180+2"]
[EndTime "14:23:46 PDT"]
[Termination "alturas_pacificas won by checkmate"]

1. e4 e5 2. Nf3 Nf6 3. Nxe5 d6 4. Nf3 Nxe4 5. Bd3 Nc5 6. Be2 Be7 7. d4 Ne4 8. d5 O-O 9. O-O a5 10. c4 Bf6 11. Nbd2 Nxd2 12. Nxd2 Na6 13. Ne4 Nc5 14. a4 Nxe4 15. Ra3 Bf5 16. g4 Bg6 17. f4 h6 18.
Bf3 Nc5 19. Be3 Be4 20. Be2 Re8 21. Qd2 b6 22. Bd1 Qd7 23. h3 Re7 24. g5 hxg5 25. fxg5 Be5 26. Bg4 Qe8 27. Qf2 Bg6 28. h4 Bxb2 29.
Qxb2 Rxe3 30. h5 Rxa3 31. Qxa3 Bd3 32. Rf3 Qe1+ 33. Kh2 Re8 34. Rxd3 Re2+ 35. Bxe2 Qxe2+ 36. Kg3 Qxd3+ 37. Qxd3 Nxd3 38. Kg4 Nb2 39. g6 fxg6 40. hxg6 Nxa4 41. Kf5 Nb2 42. Ke6 Nxc4 43. Kd7 Ne3 44.
Kc6 Nxd5 45. Kxd5 a4 46. Kc4 b5+ 47. Kb4 c5+ 48. Ka3 Kf8 49. Kb2 Ke7 50. Ka3 Kf6 51. Kb2 Kxg6 52. Kc3 Kf5 53. Kb2 b4 54. Ka2 c4 55.
Kb2 d5 56. Ka2 d4 57. Kb2 g5 58. Ka2 g4 59. Kb1 g3 60. Kb2 d3 61. Ka1 c3 62.
Ka2 Ke4 63. Ka1 Kd4 64. Ka2 Kc4 65. Kb1 Kb3 66. Ka1 g2 67. Kb1 g1=Q# 0-1

[Event "*** Titled Tuesday Blitz"]
[Site "Chess.com"]
[Date "2019.04.02"]
[Round "2"]
[White "fmshawnrl123"]
[Black "chessdjw"]
[Result "0-1"]
[WhiteElo "2552"]
[BlackElo "2632"]
[TimeControl "180+2"]
[EndTime "14:23:51 PDT"]
[Termination "chessdjw won by resignation"]

1. a4 g6 2. Na3 Bg7 3. h4 d6 4. h5 c5 5. d3 Nc6 6. h6 Bf6 7. e4 e5 8. Nc4 Be6 9. Nf3 d5 10.
exd5 Bxd5 11. Ne3 Be6 12. Nd2 Be7 13. g4 Qd7 14. Bg2 Nf6 15. g5 Nd5 16. Nxd5 Bxd5 17.
Ne4 O-O-O 18. Be3 Nd4 19. c4 Be6 20. Bxd4 Qxd4 21. Qb3 Rd7 22. O-O-O Rhd8 23. Rhe1 Bxg5+ 24. Nxg5 Qf4+ 25. Kb1 Qxg5 26. Be4 Qxh6 27. Qb5 Qf8 28. a5 Qd6 29. a6 bxa6 30. Qa4 Qb6 31. Kc2 Kc7 32.
Ra1 f5 33. Qc6+ Qxc6 34. Bxc6 Rxd3 35. Bd5 Bxd5 36. Kxd3 Be4+ 37. Ke3 Rd3+ 38. Ke2 Kb6 39. Ra3 Rd4 40. Rb3+ Kc7 41. f3 Bb7 42. Rh1 h5 43.
Rg1 Rd6 44. Rd3 Re6 45. Rgd1 Bc6 46. Rd8 h4 47. Rh8 g5 48. Rh7+ Kb6 49. Rd8 e4 50.
Rb8+ Ka5 51. f4 gxf4 52. Rxh4 f3+ 53. Ke3 Rd6 54. Rh1 Rd3+ 55. Kf4 f2 56. Ra1+ Ba4 57. b3 Rxb3 58. Rxb3 f1=Q+ 59. Rxf1 Bxb3 60. Kxf5 Bxc4 61. Ra1+ Kb4 62. Kxe4 a5 63. Rb1+ Bb3 64. Kd3 a4 65.
Rh1 a3 66. Rh4+ c4+ 67. Rxc4+ Bxc4+ 68. Kc2 Ba2 0-1

[Event "*** Titled Tuesday Blitz"]
[Site "Chess.com"]
[Date "2019.04.02"]
[Round "2"]
[White "stepanosinovsky"]
[Black "Walter_White_Poland"]
[Result "0-1"]
[WhiteElo "2289"]
[BlackElo "2238"]
[TimeControl "180+2"]
[EndTime "14:23:52 PDT"]
[Termination "Walter_White_Poland won by resignation"]

1. e4 e5 2. Nf3 Nc6 3. Bb5 a6 4. Ba4 Nf6 5. O-O b5 6. Bb3 Be7 7. c3 d6 8. h3 O-O 9. d4 exd4 10. cxd4 d5 11. e5 Ne4 12. Nc3 Nxc3 13. bxc3 Na5 14. Bc2 c5 15. dxc5 Be6 16. Nd4 Rc8 17. f4 Bxc5 18.
f5 Bd7 19. f6 g6 20. Qd2 Re8 21. Re1 Nc4 22. Qh6 Bf8 23. Qf4 Qc7 24. Nf3 Qb6+ 25. Be3 Nxe3 26. Qxe3 Qxe3+ 27. Rxe3 Bc5 28. Re1 Bxe3+ 29.
Rxe3 Rc4 30. Bb3 Rc5 31. Nd4 Be6 32. Kf2 Rec8 33. Ne2 a5 34. Kg3 a4 35. Bd1 Rc4 36. Kf2 h6 37. a3 Re4 38. Rxe4 dxe4 39. Ke3 Rd8 40. Bc2 Bc4 41. Nd4 Bf1 42. Bxe4 Re8 43. Kf4 g5+ 44. Kf5 Bc4 45. Bc6 Rb8 46. e6 Bxe6+ 47.
Nxe6 fxe6+ 48. Kxe6 Kf8 49. Bd5 Rc8 50. Kd6 Rxc3 51.
Bc6 b4 52. Bb5 bxa3 53. Bc4 Rxc4 54. Kd5 Rc2 0-1

[Event "*** Titled Tuesday Blitz"]
[Site "Chess.com"]
[Date "2019.04.02"]
[Round "2"]
[White "TomsKantans"]
[Black "MITerryble"]
[Result "1-0"]
[WhiteElo "2642"]
[BlackElo "2829"]
[TimeControl "180+2"]
[EndTime "14:23:53 PDT"]
[Termination "TomsKantans won by resignation"]

1. e4 e6 2. c4 d5 3. cxd5 exd5 4. exd5 Nf6 5. Nc3 Nxd5 6. Nf3 Be7 7. d4 O-O 8. Bd3 Bg4 9. O-O Nc6 10. h3 Bh5 11. Bxh7+ Kxh7 12. Ng5+ Kg6 13. Qd3+ f5 14. Ne6 Nxc3 15. Nxd8 Ne2+ 16. Kh1 Raxd8 17. g4 Bxg4 18.
hxg4 Ncxd4 19. Re1 Nxc1 20. Raxc1 Bf6 21. gxf5+ Nxf5 22. Rg1+ Bg5 23. Qe4 Rh8+ 24. Kg2 Rde8 25. Qxb7 Bxc1 26. Rxc1 Re6 27. Rxc7 Kh5 28. Rc6 Nh4+ 29.
Kf1 Rxc6 30. Qxc6 g5 31. b4 Kg4 32. Qe4+ Kh5 33. b5 Rf8 34. a4 Rf4 35. Qh7+ Kg4 36.
Qd7+ Nf5 37. a5 Rb4 38. b6 axb6 39. a6 Rb1+ 40. Kg2 Ra1 41. Qc8 b5 42. f3+ Kf4 43.
Qc7+ Ke3 44. Qe5+ Kd2 45. Qxf5 Rxa6 46. Qxg5+ Kc3 47. Qxb5 Ra2+ 48. Kg3 Kd4 49. f4 Rb2 50.
Qe5+ Kd3 51. Qxb2 1-0

[Event "*** Titled Tuesday Blitz"]
[Site "Chess.com"]
[Date "2019.04.02"]
[Round "2"]
[White "medalja"]
[Black "Zavgorodniy_Serg"]
[Result "0-1"]
[WhiteElo "2281"]
[BlackElo "2464"]
[TimeControl "180+2"]
[EndTime "14:23:53 PDT"]
[Termination "Zavgorodniy_Serg won by resignation"]

1. d4 Nf6 2. c4 e6 3. Nf3 Bb4+ 4.
Nbd2 b6 5. a3 Bxd2+ 6. Bxd2 Bb7 7.
g3 d6 8. Bg2 Nbd7 9. O-O O-O 10.
b4 Qe7 11. Bc3 Be4 12. Qb3 h6 13. Rac1 a6 14. Rfd1 b5 15. Nd2 Bxg2 16. Kxg2 d5 17.
cxb5 axb5 18. Bb2 Nb6 19. Rc5 Qd7 20. e4 Nc4 21. exd5 exd5 22. Bc1 c6 23. Nxc4 bxc4 24.
Qf3 Ne4 25. Ra5 Rxa5 26. bxa5 Qa7 27. Qg4 Kh8 28. f3 Nf6 29. Qf5 Qxa5 30. Bxh6 Nh7 31. Bf4 Qxa3 32. Qd7 Qb2+ 33. Rd2 Qc1 34. Qxc6 Nf6 35.
Rf2 Qb1 36. Be5 Qf5 37. g4 Qe6 38. Qc7 Rc8 39. Qa5 Nd7 40. f4 Qxg4+ 41. Kf1 f6 42.
Bd6 Qd1+ 43. Kg2 Qxd4 44. Qa4 Qe4+ 45. Kg3 Qe6 46. Ba3 d4 47. f5 Qc6 48. Qxc6 Rxc6 49.
Rf4 d3 50. Rd4 Ne5 51. Kf2 Kh7 52. Ke3 Kh6 53. Bc1 Kg5 54. Ke4+ Kg4 55. Kd5+ Kf3 56. Re4 Rc8 57. Re3+ Kf2 58. Kd4 c3 59. Rg3 d2 60.
Bxd2 cxd2 0-1

[Event "*** Titled Tuesday Blitz"]
[Site "Chess.com"]
[Date "2019.04.02"]
[Round "2"]
[White "kikoveiga"]
[Black "STAYFlow"]
[Result "0-1"]
[WhiteElo "2178"]
[BlackElo "2269"]
[TimeControl "180+2"]
[EndTime "14:23:53 PDT"]
[Termination "STAYFlow won by resignation"]

1. Nf3 Nf6 2. g3 e6 3. Bg2 d5 4. O-O Be7 5. d3 O-O 6. Nbd2 c5 7. e4 Nc6 8. Re1 b5 9. e5 Nd7 10. Nf1 Qc7 11. Bf4 Bb7 12. h4 Rfc8 13. N1h2 Qd8 14. Ng4 b4 15. h5 h6 16. Qd2 Bf8 17. c3 a5 18. Ngh2 Rab8 19. g4 Be7 20. g5 hxg5 21. Nxg5 bxc3 22. bxc3 Ba6 23. h6 gxh6 24. Ngf3 Nf8 25.
Ng4 Ng6 26. Bxh6 a4 27. Ng5 a3 28. Nf3 Rb2 29. Qc1 Bxd3 30. Nf6+ Bxf6 31. exf6 Qxf6 32.
Bg5 Qg7 33. Re3 Be4 34. Ne1 Bxg2 35. Nxg2 d4 36. Rf3 Nce5 37. Rg3 d3 38. Nf4 Rd8 39. Nh5 d2 40. Nxg7 dxc1=Q+ 41. Rxc1 Rd3 42. Nh5 Rxg3+ 43. Nxg3 Rxa2 44. Bf6 Nd3 45. Rd1 c4 46. Bd4 Rb2 47. Ne4 a2 48. Nd2 Rxd2 49. Ra1 Rb2 50. Kg2 Nc1 51.
Rxc1 Rb1 52. Rc2 a1=Q 53. Re2 Rg1+ 54. Kf3 Nh4+ 0-1

[Event "*** Titled Tuesday Blitz"]
[Site "Chess.com"]
[Date "2019.04.02"]
[Round "2"]
[White "Fighterman91"]
[Black "jefferyx"]
[Result "0-1"]
[WhiteElo "2577"]
[BlackElo "2860"]
[TimeControl "180+2"]
[EndTime "14:23:54 PDT"]
[Termination "jefferyx won by resignation"]

1. d4 Nf6 2. Bf4 d5 3. Nc3 e6 4. e3 Bb4 5. Bd3 c5 6. dxc5 Nbd7 7. Ne2 Nxc5 8. O-O Bd7 9. a3 Bxc3 10. Nxc3 Rc8 11.
Bg5 h6 12. Bh4 O-O 13. Qf3 Bc6 14. Qg3 Ncd7 15. Ne2 Qc7 16. Qxc7 Rxc7 17. Bg3 e5 18. Bf5 Bb5 19. Rfe1 g6 20. Bxd7 Nxd7 21. Nc3 Bc4 22.
Rad1 f5 23. f4 e4 24. Nxd5 Bxd5 25. Rxd5 Nb6 26. Rd6 Kf7 27. Red1 Rxc2 28. Bh4 Kg7 29. Re6 Rc6 30. Rxc6 bxc6 31. Be7 Rc8 32. Bc5 Nd5 33. b4 a6 34. Kf2 Kf7 35. Rc1 Ke6 36. Bd4 Kd7 37. Rc5 Ra8 38. h3 h5 39. Kg3 Nc7 40. Ra5 Nb5 41. Bc5 Nc7 42. Bd4 Nb5 43. Be5 c5 44. a4 Na7 45. Rxc5 Nc6 46. Rd5+ Ke7 47. Bc3 Ke6 48. Rc5 Kd6 49. Be5+ Kd7 50. Rd5+ Ke7 51.
b5 axb5 52. axb5 Nb4 53. Rd6 Ra3 54. Rxg6 Rxe3+ 55. Kh4 Nd3 56. Kg5 Nxe5 57. Rh6 Nf7+ 0-1

[Event "*** Titled Tuesday Blitz"]
[Site "Chess.com"]
[Date "2019.04.02"]
[Round "2"]
[White "sere99"]
[Black "dopolian"]
[Result "1-0"]
[WhiteElo "2269"]
[BlackElo "2194"]
[TimeControl "180+2"]
[EndTime "14:23:55 PDT"]
[Termination "sere99 won by resignation"]

1. d4 Nf6 2. c4 c5 3. d5 e6 4. Nc3 exd5 5. cxd5 d6 6. Nf3 g6 7. Bf4 Bg7 8. Qa4+ Bd7 9. Qb3 b5 10. Nxb5 Bxb5 11. Qxb5+ Nbd7 12. Bxd6 Ne4 13. Bf4 O-O 14. e3 g5 15. Bg3 Nxg3 16. hxg3 Rb8 17. Qd3 h6 18. Be2 c4 19. Qxc4 Qa5+ 20. Kf1 Rxb2 21.
Rd1 Qxa2 22. Qxa2 Rxa2 23. Nd4 Rb8 24. Bc4 Ra4 25. Nc6 Rxc4 26. Nxb8 Nxb8 27. Ke2 Rc2+ 28. Kf3 Nd7 29. Kg4 Rxf2 30. Rc1 f5+ 31. Kh3 Ne5 32. Rhd1 g4+ 33. Kh2 Kf7 34. d6 Nd7 35. Rc7 Ke6 36. Rxa7 Be5 37. Ra8 h5 38. Re8+ Kf6 39. Rh8 Re2 40.
Rxh5 Rxe3 41. Rh7 Bxg3+ 42. Kh1 Ne5 43. d7 Nxd7 44. Rhxd7 Re1+ 45. Rxe1 Bxe1 46. Kg1 Kg5 47. Kf1 Bg3 48. Ra7 f4 49. Ra5+ Kf6 50. Ke2 f3+ 51. gxf3 gxf3+ 52. Kxf3 Bd6 53. Ke4 Ke6 54. Ra6 Kd7 55. Kd5 Bc7 56. Ra7 Kd8 57. Kc6 Bg3 58. Rd7+ Kc8 59. Rg7 Bc7 60. Rg8+ Bd8 61. Rh8 1-0

[Event "*** Titled Tuesday Blitz"]
[Site "Chess.com"]
[Date "2019.04.02"]
[Round "2"]
[White "LimeInTheCoconut"]
[Black "1random"]
[Result "1-0"]
[WhiteElo "2515"]
[BlackElo "2526"]
[TimeControl "180+2"]
[EndTime "14:23:59 PDT"]
[Termination "LimeInTheCoconut won by resignation"]

1. e4 e5 2. Nf3 Nc6 3. Bc4 Nf6 4. d3 Be7 5. O-O O-O 6. Nbd2 d6 7. a4 Kh8 8. c3 Ng8 9. d4 f5 10. dxe5 fxe4 11.
Nxe4 Rxf3 12. gxf3 Nxe5 13. Be2 Bh3 14. Re1 Bh4 15.
f4 Ng6 16. Bg4 Bxg4 17. Qxg4 Nf6 18. Nxf6 Qxf6 19. Re6 Qf7 20. Bd2 Bf6 21. Rae1 Rf8 22. Qh5 Qd7 23. f5 Ne5 24. Bf4 g6 25. fxg6 Nd3 26.
Bh6 Nxe1 27. Bxf8 Be5 28. Qxh7+ Qxh7 29. gxh7 Nf3+ 30. Kg2 Nh4+ 31. Kf1 Kxh7 32. Be7 Nf5 33. Bg5 Kg7 34. f4 Kf7 35. Rxe5 dxe5 36. fxe5 Ke6 37. Bf4 Nh4 38. Ke2 Kf5 39. Bg3 Ng6 40. Kf3 Nf8 41.
h4 Ne6 42. c4 a5 43. Ke3 Nc5 44.
Be1 Nxa4 45. Bxa5 Kxe5 46. Bxc7+ Kf5 47. b3 Nc5 48. b4 Na6 49. Bd6 Ke6 50. b5 Kxd6 51.
bxa6 bxa6 52. h5 Ke5 53. h6 Kf6 54. c5 a5 55. Kd3 a4 56. c6 1-0